 Dungeon Sprint DCSS version 0.27.1 (webtiles) character file.

Game seed: 14156941764059857340

443 sasquatch the Grappler (level 6, -3/75 HPs)
             Began as a Troll Monk on Aug 22, 2021.
             Was a Believer of Okawaru.
             Slain by Sonja (4 damage)
             ... in the Dungeon (Sprint I: "Red Sonja").
             The game lasted 00:01:50 (196 turns).

sasquatch the Grappler (Troll Monk)                  Turns: 196, Time: 00:01:51

Health: -3/75      AC:  4    Str: 22    XL:     6   Next: 71%
Magic:  5/5        EV: 10    Int:  6    God:    Okawaru [**....]
Gold:   63         SH:  0    Dex: 12    Spells: 5/5 levels left

rFire    . . .     SeeInvis .     - Unarmed
rCold    . . .     Faith    .   (no shield)
rNeg     . . .     Spirit   .   a - +0 robe
rPois    .         Reflect  .   (helmet restricted)
rElec    .         Harm     .   (no cloak)
rCorr    .         Rampage  .   (gloves unavailable)
Will     .....     NoTele   +   (boots unavailable)
Stlth    ++........             (no amulet)
HPRegen  1.22/turn              (no ring)
MPRegen  0.09/turn              (no ring)

@: no status effects
A: large, unfitting armour, claws 3, regeneration 1, shaggy fur 1, tough skin 1
a: Renounce Religion, Heroism


You were in the Dungeon.
You worshipped Okawaru.
Okawaru was pleased with you.
You visited 1 branch You collected 297 gold pieces.
You spent 234 gold pieces at shops.

Inventory:

Hand Weapons
 h - a +0 giant club
Armour
 a - a +0 robe (worn)
Scrolls
 g - 2 scrolls of blinking
Potions
 b - 2 potions of curing
 c - 2 potions of heal wounds
 d - a potion of haste
 e - 2 potions of magic
 f - a potion of berserk rage
 i - a potion of brilliance {unknown}
 j - a potion of might
 k - a potion of flight
 l - a potion of attraction


   Skills:
 + Level 9.0 Fighting
 - Level 2.4 Dodging
 - Level 1.0 Stealth
 + Level 10.6 Unarmed Combat
 + Level 0.0 Invocations


You had 5 spell levels left.
You didn't know any spells.
Your spell library was empty.

Dungeon Overview and Level Annotations

Branches:
Dungeon (1/1)

Altars:
Cheibriados
Dithmenos
Elyvilon
Fedhas
Gozag
Hepliaklqana
Kikubaaqudgha
Nemelex Xobeh
Okawaru
Qazlal
Ru
Sif Muna
Trog
Uskayaw
Vehumet
Wu Jian
Yredelemnul
Zin
The Shining One

Shops:
D !

Annotations:
D Sonja


Innate Abilities, Weirdness & Mutations

You are too large for most types of armour.
You have claws for hands.
Your natural rate of healing is unusually fast.
You are covered in fur. (AC +1)
You have tough skin. (AC +1)


Message History

Sonja is lightly wounded.
Sonja gestures wildly while chanting.
Sonja blinks!
Sonja throws a curare-tipped dart.
The curare-tipped dart completely misses you.
You mangle Sonja!!
Sonja is severely wounded.
Sonja hits you with a +2 short sword of distortion!
Space bends around you. Sonja closely misses you. x2
You barely miss Sonja.
Sonja is severely wounded.
Sonja hits you with a +2 short sword of distortion. x3
Space warps horribly around you!!
You miss Sonja.
Sonja is severely wounded.
Sonja hits you with a +2 short sword of distortion!
Sonja barely misses you.
Sonja hits you with a +2 short sword of distortion.
* * * LOW HITPOINT WARNING * * *
You claw Sonja!
Sonja is almost dead.
Sonja hits you with a +2 short sword of distortion.
* * * LOW HITPOINT WARNING * * *
Sonja barely misses you.
Sonja hits you with a +2 short sword of distortion.
* * * LOW HITPOINT WARNING * * *
You miss Sonja.
Sonja is almost dead.
Sonja hits you with a +2 short sword of distortion!
* * * LOW HITPOINT WARNING * * *
Space bends around you.
* * * LOW HITPOINT WARNING * * *
Sonja hits you with a +2 short sword of distortion.
* * * LOW HITPOINT WARNING * * *
Space bends around you.
* * * LOW HITPOINT WARNING * * *
Sonja closely misses you.
Sonja hits you with a +2 short sword of distortion.
* * * LOW HITPOINT WARNING * * *
Space bends around you.
You die...

#..').#..').#..+
#..#####'#####'#
#..####..#...#.#
#..#__####..##.#
#..#_____##'#_.+
#⌠⌠#_.∩...†..._#
####_..__##_.#+#
#_____###K#
#########@##
+$.$+ #$.$#
##.## #+#


You could see Sonja.

Vanquished Creatures
  Sigmund (D)
  A yak (D)
  An ogre (D)
  A jelly (D)
  Ijyb (D)
5 creatures vanquished.

Notes
Turn   | Place    | Note
-------+----------+-------------------------------------------
     0 | D        | sasquatch the Troll Monk began the quest for the Orb.
     0 | D        | Reached XP level 1. HP: 22/22 MP: 0/0
     1 | D        | Noticed Ijyb
    21 | D        | Killed Ijyb
    22 | D        | Reached skill level 5 in Unarmed Combat
    22 | D        | Reached XP level 2. HP: 23/32 MP: 1/1
    31 | D        | Noticed an ogre
    36 | D        | Killed an ogre
    37 | D        | Reached skill level 7 in Unarmed Combat
    37 | D        | Reached XP level 3. HP: 11/44 MP: 2/2
    37 | D        | Reached XP level 4. HP: 13/52 MP: 3/3
    80 | D        | Noticed Sigmund
    86 | D        | Killed Sigmund
    87 | D        | Reached skill level 9 in Unarmed Combat
    87 | D        | Reached XP level 5. HP: 53/63 MP: 4/4
    87 | D        | Reached XP level 6. HP: 60/72 MP: 5/5
   108 | D        | Found a shimmering blue altar of Sif Muna.
   109 | D        | Found an ornate altar of the Wu Jian Council.
   110 | D        | Found a radiant altar of Vehumet.
   134 | D        | Found Cuasiar's Distillery.
   134 | D        | Found an ancient bone altar of Kikubaaqudgha.
   134 | D        | Found a hazy altar of Hepliaklqana.
   134 | D        | Found a stormy altar of Qazlal.
   134 | D        | Found a hide-covered altar of Uskayaw.
   134 | D        | Found a blossoming altar of Fedhas.
   134 | D        | Found a bloodstained altar of Trog.
   134 | D        | Found an iron altar of Okawaru.
   134 | D        | Found a basalt altar of Yredelemnul.
   134 | D        | Found a glowing golden altar of the Shining One.
   134 | D        | Found a snail-covered altar of Cheibriados.
   134 | D        | Found a sacrificial altar of Ru.
   134 | D        | Found a glowing silver altar of Zin.
   134 | D        | Found a shadowy altar of Dithmenos.
   134 | D        | Found a white marble altar of Elyvilon.
   134 | D        | Noticed a yak
   137 | D        | Killed a yak
   138 | D        | Reached skill level 10 in Unarmed Combat
   138 | D        | Found an opulent altar of Gozag.
   148 | D        | Found a sparkling altar of Nemelex Xobeh.
   154 | D        | Became a worshipper of Warmaster Okawaru
   154 | D        | Reached * piety under Okawaru
   154 | D        | Reached ** piety under Okawaru
   179 | D        | Bought a potion of curing for 39 gold pieces
   179 | D        | Bought a potion of might for 52 gold pieces
   179 | D        | Bought a potion of heal wounds for 65 gold pieces
   179 | D        | Bought a potion of flight for 39 gold pieces
   179 | D        | Bought a potion of attraction for 39 gold pieces
   186 | D        | Noticed Sonja
   196 | D        | HP: 1/75 [Sonja (5)]
   196 | D        | Slain by Sonja

Illustrated notes

Levels and vault maps discovered:
D:        dungeon_sprint_1 [red_sonja_temple_1, red_sonja_temple_small_1]

Skill      XL: |  1  2  3  4  5  6 |
---------------+-------------------+-----
Fighting       | 4 6 7 9 |  9.0
Unarmed Combat | 5 7 9 10 | 10.6
Dodging        | |  2.4
Stealth        | |  1.0

Action                   |  1- 3 |  4- 6 || total
-------------------------+-------+-------++-------
Melee: Unarmed           |    22 |    17 ||    39
 Stab: Sleeping          |     1 |     1 ||     2
Armor: Robe              |     2 |       ||     2
Dodge: Dodged            |    11 |     9 ||    20
